 Dungeon Crawl Stone Soup version 0.27.1-3-gb3d3a73c9e (webtiles) character file.

Game seed: 16148186269230597628

117 MisterFreud the Skirmisher (level 4, -2/45 HPs)
             Began as a Minotaur Abyssal Knight on Oct 13, 2021.
             Was a Believer of Lugonu.
             Slain by an orc (9 damage)
             ... on level 3 of the Dungeon.
             The game lasted 00:02:08 (2195 turns).

MisterFreud the Skirmisher (MiAK)                   Turns: 2195, Time: 00:02:08

Health: -2/45      AC:  3    Str: 18    XL:     4   Next: 71%
Magic:  4/4        EV: 11    Int:  9    God:    Lugonu [**....]
Gold:   139        SH:  5    Dex:  9    Spells: 3/3 levels left

rFire    . . .     SeeInvis .   a - +1 falchion
rCold    . . .     Faith    .   (no shield)
rNeg     . . .     Spirit   .   b - +0 leather armour
rPois    .         Reflect  +   (helmet restricted)
rElec    .         Harm     .   (no cloak)
rCorr    +         Rampage  .   (no gloves)
Will     .....                  (no boots)
Stlth    +.........             g - amulet of reflection
HPRegen  0.15/turn              l - ring of resist corrosion
MPRegen  0.09/turn              (no ring)

@: mighty
A: horns 2, retaliatory headbutt
a: Renounce Religion, Depart the Abyss, Bend Space


You were on level 3 of the Dungeon.
You worshipped Lugonu.
Lugonu was pleased with you.
You visited 1 branch of the dungeon, and saw 3 of its levels.
You visited the Abyss 1 time.

You collected 139 gold pieces.

Inventory:

Hand Weapons
 a - a +1 falchion (weapon)
Armour
 b - a +0 leather armour (worn)
Jewellery
 g - an amulet of reflection (around neck)
 l - a ring of resist corrosion (left hand)
Wands
 i - a wand of charming (6)
Scrolls
 e - 3 scrolls of teleportation {unknown}
 h - 3 scrolls of identify {unknown}
 j - a scroll of summoning {unknown}
 k - a scroll of amnesia {unknown}
 n - a scroll of fog {unknown}
Potions
 c - a potion of might
 d - a potion of curing {unknown}
 f - a potion of flight {unknown}
 m - a potion of lignification {unknown}


   Skills:
 * Level 6.7 Fighting
 - Level 2.4 Long Blades
 - Level 2.4 Armour
 - Level 1.1 Dodging
 - Level 1.7 Invocations


You had 3 spell levels left.
You didn't know any spells.
Your spell library contained the following spells:

 Spells                   Type           Power      Damage    Failure   Level
 Animate Skeleton         Necr           0%         N/A       43%         1
 Apportation              Tloc           0%         N/A       43%         1
 Corona                   Hex            0%         N/A       43%         1
 Freeze                   Ice            0%         1d3       43%         1
 Summon Small Mammal      Summ           0%         N/A       43%         1
 Call Canine Familiar     Summ           0%         N/A       82%         3
 Frozen Ramparts          Ice            0%         1d2       82%         3
 Summon Guardian Golem    Hex/Summ       0%         N/A       82%         3
 Hailstorm                Conj/Ice       0%         3d3       99%         4


Dungeon Overview and Level Annotations

Branches:
Dungeon (3/15)

Altars:

Shops:
D:2 :


Innate Abilities, Weirdness & Mutations

You have a pair of horns on your head.
You reflexively headbutt those who attack you in melee.


Message History

The orc hits you but does no damage.
You hit the orc.
The orc is almost dead.
The orc hits you with a +0 hand axe. The orc hits you with a +0 whip.
The orc barely misses you. x2; You riposte.
You hit the orc but do no damage. You barely miss the orc.
The orc is almost dead.
The orc hits you with a +0 hand axe. You block the orc's attack.
You hit the orc.
You kill the orc!
Lugonu accepts your kill. The orc barely misses you.
You block the orc's attack.
You closely miss the orc. You headbutt the orc.
The orc is heavily wounded.
The orc misses you.
You slash the orc!
You kill the orc!
Lugonu accepts your kill.
You barely miss the orc. The orc hits you with a +0 hand axe.
You barely miss the orc. You headbutt the orc!
You kill the orc!
Lugonu accepts your kill. You block the orc's attack.
You hit the orc priest.
The orc priest is moderately wounded.
The orc hits you but does no damage.
The orc priest hits you with a +2 hand axe of flaming!
The orc priest burns you.
You hit the orc priest.
The orc priest is heavily wounded.
The orc hits you with a +0 flail!
* * * LOW HITPOINT WARNING * * *
The orc priest hits you with a +2 hand axe of flaming.
* * * LOW HITPOINT WARNING * * *
The orc priest burns you.
* * * LOW HITPOINT WARNING * * *
It was a potion of might.
You feel very mighty all of a sudden. The orc hits you with a +0 flail!
You die...

......†.....................
###...###........♣.....#####
### #.##.......♣...#
##........♣.♣...#
...#...#....♣....#
..................
...............$#.
........oo#.#....#
........@#o)..#.#
........##....# # .......
.......# .............#.#
.............#.#
..##..#..#.... .. #.....
..... #.#... ###.$?


You could see an orc priest and an orc.

Vanquished Creatures
  A water moccasin skeleton (D:3)
  An adder (D:2)
  2 worms
  2 dart slugs
  3 orcs (D:3)
  5 ball pythons
  4 bats
  3 endoplasms (D:2)
  A giant cockroach (D:2)
  4 hobgoblins
  6 jackals
  3 kobolds
  A frilled lizard (D:2)
  3 goblins (D:2)
  8 rats
47 creatures vanquished.

Notes
Turn   | Place    | Note
-------+----------+-------------------------------------------
     0 | Abyss:1  | MisterFreud the Minotaur Abyssal Knight began the quest for
                  | the Orb.
     0 | Abyss:1  | Reached XP level 1. HP: 19/19 MP: 1/1
    17 | Abyss:1  | Found a corrupted altar of Lugonu.
    30 | D:1      | Escaped the Abyss
   365 | D:1      | Reached skill level 4 in Fighting
   400 | D:1      | Reached XP level 2. HP: 22/28 MP: 2/2
   623 | D:1      | Found a faded altar of an unknown god.
  1114 | D:2      | Reached skill level 5 in Fighting
  1114 | D:2      | Reached XP level 3. HP: 29/36 MP: 3/3
  1357 | D:2      | Found Nunain's Book Shoppe.
  1366 | D:2      | Reached ** piety under Lugonu
  2042 | D:3      | Reached skill level 6 in Fighting
  2042 | D:3      | Reached XP level 4. HP: 30/45 MP: 4/4
  2195 | D:3      | Slain by an orc

Illustrated notes

Levels and vault maps discovered:
D:1:      lemuel_arrival_rhombus, layout_basic, basic_ecumenical_altar,
          minmay_tetromino_o2
D:2:      minmay_evil_eye, layout_rooms, serial_shops,
          nicolae_shop_behind_doors, minmay_randomly_rotated_circles
D:3:      layout_rooms, grunt_ministairs_10, chequers_garden

Skill      XL: |  1  2  3 |
---------------+----------+-----
Fighting       | 4 5 6 |  6.7
Long Blades    | |  2.4
Armour         | |  2.4
Dodging        | |  1.1
Invocations    | |  1.7

Action                   |  1- 3 |  4- 6 || total
-------------------------+-------+-------++-------
Melee: Falchion          |    91 |    14 ||   105
       Headbutt          |    14 |     2 ||    16
  Use: Potion            |       |     1 ||     1
Armor: Leather armour    |    21 |     2 ||    23
Dodge: Dodged            |    49 |     6 ||    55
Block: Other             |     9 |     4 ||    13
       Rpst.: Falchion   |    11 |     1 ||    12
